Map: Dusk Towers

Players

FreedomTH

  • Race: Zerg Zerg
  • League: Diamond

Florencio - Winner!

  • Race: Protoss Protoss
  • League: Platinum

VOD

Have the link to the VOD?

Description

19:05 min game Hype.

Time

  • Played on: April 17, 2016, 1:23 p.m.
  • Length: 19:05
Show
View Real Time Build Order
Export as new Build Order

FreedomTH Zerg 

Build Orders: Hatch First 

Get SALT Encoding   

  12  0:01  Drone  
  13  0:08  Drone  
  14  0:17  Overlord  
  14  0:25  Extractor  
  14  0:26  Drone  
  15  0:35  Drone x2  
  17  0:44  Drone  
  18  0:57  Hatchery  
  18  0:59  Drone  
  18  1:05  Drone  
  18  1:08  Extractor  
  18  1:18  Spawning Pool  
  18  1:20  Drone  
  18  1:27  Drone  
  19  1:37  Overlord  
  19  1:50  Drone  
  20  1:59  Drone  
  21  2:05  Queen  
  23  2:09  Queen  
  23  2:11  Zergling x4  
  23  2:13  Metabolic Boost  
  27  2:24  Drone  
  27  2:25  Drone  
  29  2:32  Overlord, Drone  
  30  2:41  Queen  
  32  2:45  Queen  
  32  2:50  Drone x2  
  37  2:58  Drone x2  
  37  3:04  Drone x2  
  40  3:14  Hatchery  
  40  3:18  Drone x2  
  40  3:19  Drone  
  42  3:26  Drone x2  
  43  3:27  Overlord  
  43  3:39  Extractor x2  
  43  3:40  Drone x2  
  43  3:43  Spore Crawler  
  43  3:45  Spore Crawler  
  43  3:48  Drone x4  
  45  3:53  Drone  
  46  4:05  Lair  
  46  4:07  Drone x5  
  46  4:08  Overlord  
  51  4:12  Overlord  
  51  4:31  Spore Crawler, Spine Crawler  
  50  4:33  Drone x2, Roach Warren  
  50  4:34  Drone x3  
  53  4:49  Drone  
  53  4:50  Drone x8  
  62  4:58  Evolution Chamber  
  62  5:00  Evolution Chamber, Drone x2  
  62  5:04  Extractor  
  61  5:12  Glial Reconstitution  
  61  5:14  Hydralisk Den  
  60  5:23  Drone  
  60  5:24  Drone x10  
  60  5:26  Extractor  
  60  5:27  Zerg Missile Weapons Level 1  
  60  5:28  Extractor  
  69  5:29  Zerg Ground Armor Level 1  
  69  5:30  Overseer  
  69  5:33  Pneumatized Carapace  
  69  5:40  Drone x4  
  73  5:42  Overlord  
  73  5:43  Overlord  
  73  5:48  Muscular Augments  
  73  5:57  Overlord x4  
  73  6:11  Overlord x2  
  73  6:12  Overlord x2  
  70  6:21  Hydralisk  
  70  6:22  Hydralisk x5  
  70  6:25  Hydralisk  
  71  6:57  Hatchery  
  71  6:58  Hydralisk  
  71  6:59  Hydralisk x5  
  82  7:03  Lurker Den  
  82  7:12  Drone  
  82  7:13  Drone  
  84  7:16  Spore Crawler  
  84  7:22  Spore Crawler  
  82  7:30  Zerg Missile Weapons Level 2  
  82  7:31  Zerg Ground Armor Level 2  
  82  7:40  Overseer x2  
  82  7:42  Overlord x2  
  70  8:06  Hydralisk x5  
  80  8:15  Drone  
  80  8:16  Drone x3  
  84  8:21  Queen  
  86  8:38  Spore Crawler  
  85  8:42  Spire  
  85  8:46  Hydralisk  
  85  8:47  Hydralisk  
  88  8:49  Hydralisk  
  88  8:55  Queen  
  92  9:06  Hydralisk  
  92  9:07  Hydralisk x3  
  100  9:28  Drone  
  100  9:29  Drone x12  
  113  9:34  Spore Crawler  
  112  9:40  Drone x6  
  118  9:53  Hydralisk x4  
  126  10:03  Hydralisk x3  
  132  10:08  Spore Crawler  
  132  10:09  Spore Crawler  
  130  10:19  Corruptor  
  130  10:20  Corruptor x2  
  136  10:24  Corruptor  
  138  10:29  Corruptor  
  138  10:33  Corruptor  
  132  10:47  Corruptor  
  132  10:48  Corruptor x2  
  138  10:52  Corruptor  
  138  10:56  Corruptor  
  127  11:31  Corruptor x6  
  127  11:32  Corruptor  
  133  11:52  Hydralisk Den  
  133  11:53  Hatchery  
  131  11:59  Overlord  
  131  12:00  Overlord x2  
  131  12:04  Hydralisk Den  
  130  12:15  Corruptor  
  130  12:16  Corruptor x3  
  138  12:23  Hydralisk x3  
  138  12:25  Hydralisk  
  146  12:52  Hydralisk  
  146  12:53  Hydralisk x7  
  146  12:54  Hydralisk  
  165  13:05  Drone  
  165  13:06  Drone x4  
  169  13:15  Hydralisk x2  
  167  13:29  Corruptor x4  
  167  13:31  Corruptor  
  173  13:42  Corruptor x2  
  173  13:45  Corruptor  
  146  14:12  Spawning Pool  
  146  14:13  Extractor, Lair  
  146  14:14  Extractor  
  133  14:38  Zergling x14  
  132  15:01  Hydralisk x4  
  140  15:10  Drone x2  
  138  15:32  Corruptor x3  
  144  15:43  Drone x3  
  147  16:21  Spire  
  138  16:55  Drone x3  
  121  17:44  Hatchery  
Show
View Real Time Build Order
Export as new Build Order

Florencio Protoss - Winner!

Build Orders: 1 Gate Expand 

Get SALT Encoding   

  12  0:02  Probe (Chrono Boost)  
  13  0:13  Probe (Chrono Boost)  
  14  0:24  Probe (Chrono Boost), Pylon  
  15  0:42  Probe (Chrono Boost), Gateway  
  16  0:52  Probe (Chrono Boost)  
  17  1:03  Probe (Chrono Boost)  
  18  1:10  Assimilator  
  18  1:13  Probe (Chrono Boost)  
  18  1:16  Assimilator  
  19  1:26  Nexus  
  19  1:30  Probe (Chrono Boost)  
  20  1:40  Probe (Chrono Boost)  
  21  1:48  Cybernetics Core  
  21  1:51  Probe (Chrono Boost)  
  22  2:01  Probe (Chrono Boost)  
  23  2:13  Pylon  
  23  2:22  Assimilator  
  23  2:31  Probe (Chrono Boost), Stalker  
  26  2:37  Pylon  
  26  2:42  Probe (Chrono Boost), Mothership Core (Chrono Boost)  
  29  2:53  Probe (Chrono Boost)  
  30  3:01  Probe (Chrono Boost)  
  30  3:03  Probe (Chrono Boost)  
  32  3:11  Probe (Chrono Boost)  
  33  3:14  Probe (Chrono Boost)  
  34  3:22  Assimilator  
  34  3:29  Stargate  
  34  3:30  Stargate  
  34  3:33  Stargate  
  34  3:37  Pylon  
  34  3:43  Pylon  
  34  3:45  Forge  
  34  3:47  Probe (Chrono Boost)  
  34  3:48  Probe (Chrono Boost)  
  36  3:57  Probe (Chrono Boost)  
  36  3:58  Probe (Chrono Boost)  
  38  4:08  Probe (Chrono Boost)  
  38  4:09  Probe (Chrono Boost)  
  40  4:24  Photon Cannon  
  40  4:26  Photon Cannon  
  40  4:27  Probe x2 (Chrono Boost)  
  40  4:31  Oracle  
  42  4:35  Oracle  
  48  4:43  Oracle  
  51  4:55  Photon Cannon  
  51  4:56  Pylon  
  51  4:59  Probe x2 (Chrono Boost)  
  53  5:09  Oracle (Chrono Boost)  
  53  5:14  Oracle (Chrono Boost)  
  59  5:19  Oracle (Chrono Boost)  
  62  5:31  Photon Cannon  
  62  5:45  Pylon  
  62  5:48  Pylon  
  70  5:57  Void Ray (Chrono Boost)  
  70  5:58  Void Ray (Chrono Boost)  
  70  6:01  Void Ray (Chrono Boost)  
  71  6:43  Void Ray (Chrono Boost)  
  71  6:46  Nexus  
  83  6:48  Void Ray x2 (Chrono Boost)  
  83  7:00  Photon Cannon  
  83  7:04  Photon Cannon  
  83  7:08  Photon Cannon  
  83  7:12  Pylon  
  83  7:40  Fleet Beacon  
  83  7:42  Assimilator  
  83  7:48  Assimilator  
  56  8:19  Stargate  
  56  8:22  Photon Cannon  
  56  8:26  Tempest (Chrono Boost)  
  68  8:31  Tempest x2 (Chrono Boost)  
  68  8:32  Stargate  
  68  8:40  Probe  
  68  8:42  Probe  
  70  9:03  Tempest (Chrono Boost)  
  70  9:08  Probe  
  70  9:09  Tempest (Chrono Boost)  
  83  9:18  Probe  
  83  9:19  Tempest (Chrono Boost)  
  80  9:29  Probe  
  85  9:34  Tempest (Chrono Boost)  
  85  9:40  Robotics Facility  
  85  9:42  Probe  
  85  9:44  Probe  
  86  9:47  Probe  
  86  9:52  Probe  
  88  9:54  Probe  
  90  10:03  Probe  
  95  10:07  Probe  
  95  10:08  Tempest (Chrono Boost)  
  95  10:13  Probe  
  96  10:18  Probe  
  98  10:27  Tempest (Chrono Boost)  
  106  10:33  Tempest (Chrono Boost)  
  106  10:48  Observer  
  111  10:50  Tempest (Chrono Boost)  
  115  11:05  Pylon  
  115  11:06  Tempest (Chrono Boost)  
  115  11:07  Pylon  
  115  11:09  Pylon  
  115  11:22  Tempest (Chrono Boost)  
  122  11:56  Void Ray x3 (Chrono Boost)  
  122  12:00  Void Ray (Chrono Boost)  
  126  12:31  Nexus  
  126  12:32  Pylon  
  138  12:39  Void Ray x3 (Chrono Boost)  
  138  12:46  Void Ray (Chrono Boost)  
  130  13:08  Stargate  
  130  13:09  Photon Cannon  
  130  13:11  Photon Cannon  
  130  13:13  Photon Cannon  
  142  13:22  Void Ray x3 (Chrono Boost)  
  142  13:23  Void Ray (Chrono Boost)  
  141  15:04  Assimilator  
  141  15:08  Assimilator  
  141  15:19  Pylon  
  141  15:21  Pylon x2  
  141  15:23  Pylon x2  
  140  15:41  Probe  
  149  15:47  Void Ray x2 (Chrono Boost)  
  149  15:53  Gateway  
  149  16:11  Probe  
  148  16:23  Probe  
  149  16:39  Robotics Bay  
  149  16:45  Cybernetics Core  
  149  16:47  Pylon x2  
  149  16:50  Pylon  
  149  17:02  Nexus  
  149  17:04  Pylon  
  149  17:05  Probe  
  166  17:09  Void Ray (Chrono Boost)  
  166  17:11  Void Ray x2 (Chrono Boost)  
  166  17:12  Void Ray (Chrono Boost), Forge  
  165  17:18  Probe  
  164  17:54  Void Ray (Chrono Boost)  
  164  18:09  Robotics Facility  
  164  18:11  Photon Cannon  
  164  18:12  Photon Cannon  
  164  18:14  Photon Cannon  
  164  18:16  Photon Cannon  
  164  18:17  Photon Cannon  
  164  18:19  Disruptor  
Tags
 
Add a new tag
Caveats
  • Supply blocks, unpowered buildings, or Contaminate may cause inaccurate times.
  • Supply counts are checked every 10 seconds.